General information
- name: BNet
- type: Ladder team game (AT/RT)
- host: Battle.net
- saver: CREEPING-GENIUS
map: FullScaleAssault
- players: 8
- length: 30:44
- speed: Fast
- version: 1.26 W3XP
- replay type: Public
» download(194 KB)
Players
team 1 (loser)

»
BrunoBOP (
orange | 88 APM | 2470 actions | 28:13)
5 Priestess of the Moon
3 Trueshot Aura
2 Searing Arrows
6 Keeper of the Grove
3 Entangling Roots
2 Thorns Aura
1 Tranquility
» actions
| Assign group hotkey | 51 | |
| Basic commands | 5 | |
| Build / train | 129 | |
| Enter build submenu | 34 | |
| Enter hero's abilities submenu | 11 | |
| Give item / drop item | 1 | |
| Right click | 899 | |
| Select / deselect | 461 | |
| Select group hotkey | 774 | |
| Use ability | 105 | |
2470 total
» units
| Wisp | 44 | |
| Huntress | 6 | |
| Druid of the Claw | 8 | |
| Chimaera | 7 | |
| Hippogryph | 13 | |
| Dryad | 6 | |
84 total
» upgrades
| Strength of the Wild | 4 | |
| Reinforced Hides | 4 | |
| Druid of the Claw Training | 2 | |
| Corrosive Breath | 1 | |
| Abolish Magic | 1 | |
| Mark of the Claw | 1 | |
13 total
» buildings
| Altar of Elders | 1 | |
| Moon Well | 15 | |
| Hunter's Hall | 2 | |
| Ancient of War | 3 | |
| Tree of Ages | 5 | |
| Tree of Life | 2 | |
| Ancient of Wonders | 2 | |
| Tree of Eternity | 2 | |
| Ancient of Lore | 3 | |
| Ancient of Wind | 3 | |
| Chimaera Roost | 3 | |
41 total
» build order
00:09 Altar of Elders
00:21 Moon Well
01:36 Hunter's Hall
01:50 Ancient of War
01:57 Hunter's Hall
02:03 Ancient of War
02:10 Moon Well
02:17 Moon Well
02:29 Ancient of War
02:37 Moon Well
02:55 Moon Well
03:58 Tree of Ages
04:20 Tree of Ages
04:20 Tree of Ages
05:01 Tree of Life
05:47 Ancient of Wonders
05:50 Moon Well
06:21 Tree of Eternity
06:44 Tree of Eternity
06:46 Ancient of Lore
06:49 Ancient of Lore
07:06 Ancient of Wind
07:47 Moon Well
08:03 Moon Well
09:01 Moon Well
09:14 Ancient of Lore
09:21 Chimaera Roost
10:14 Chimaera Roost
10:50 Chimaera Roost
11:16 Moon Well
11:25 Moon Well
12:14 Moon Well
14:05 Moon Well
14:56 Moon Well
14:58 Moon Well
18:45 Ancient of Wonders
19:17 Tree of Life
22:43 Ancient of Wind
23:29 Ancient of Wind
» items
| Potion of Lesser Invulnerability | 1 | |
| Scroll of Town Portal | 4 | |
| Potion of Healing | 1 | |
| Scroll of Protection | 1 | |
7 total
angel1205 (
green | 37 APM | 50 actions | 01:20)
» actions
| Build / train | 9 | |
| Enter build submenu | 3 | |
| Right click | 13 | |
| Select / deselect | 18 | |
| Use ability | 7 | |
50 total
» units
» buildings
| Moon Well | 1 | |
| Altar of Elders | 1 | |
| Ancient of War | 1 | |
3 total
» build order
00:17 Moon Well
00:25 Altar of Elders
00:35 Ancient of War
illidanpro (
blue | 33 APM | 1004 actions | 30:43)
1 Death Knight
1 Death Coil
3 Dark Ranger
2 Silence
1 Life Drain
2 Crypt Lord
1 Spiked Carapace
1 Impale
» actions
| Assign group hotkey | 2 | |
| Basic commands | 3 | |
| Build / train | 98 | |
| ESC pressed | 13 | |
| Enter build submenu | 15 | |
| Enter hero's abilities submenu | 6 | |
| Right click | 487 | |
| Select / deselect | 300 | |
| Select group hotkey | 4 | |
| Use ability | 76 | |
1004 total
» units
| Acolyte | 9 | |
| Ghoul | 19 | |
| Frost Wyrm | 7 | |
| Gargoyle | 24 | |
59 total
» upgrades
| Creature Attack | 3 | |
| Creature Carapace | 3 | |
| Stone Form | 1 | |
7 total
» buildings
| Graveyard | 1 | |
| Crypt | 4 | |
| Altar of Darkness | 1 | |
| Ziggurat | 9 | |
| Tomb of Relics | 1 | |
| Halls of the Dead | 2 | |
| Black Citadel | 1 | |
| Sacrificial Pit | 1 | |
| Spirit Tower | 3 | |
| Boneyard | 3 | |
26 total
» build order
00:26 Graveyard
00:29 Crypt
00:35 Altar of Darkness
00:39 Ziggurat
00:53 Tomb of Relics
01:29 Ziggurat
03:42 Ziggurat
04:03 Halls of the Dead
04:04 Halls of the Dead
06:15 Ziggurat
06:16 Ziggurat
06:17 Ziggurat
06:18 Ziggurat
06:58 Black Citadel
07:59 Sacrificial Pit
08:05 Spirit Tower
08:06 Spirit Tower
08:40 Ziggurat
08:42 Ziggurat
09:39 Spirit Tower
09:44 Boneyard
09:45 Boneyard
09:47 Boneyard
12:01 Crypt
12:04 Crypt
12:10 Crypt
» items
| Boots of Speed | 2 | |
| Orb of Corruption | 1 | |
| Potion of Healing | 2 | |
| Scroll of Town Portal | 2 | |
7 total
Cellreturns (
yellow | 31 APM | 923 actions | 30:03)
2 Archmage
1 Summon Water Elemental
1 Blizzard
» actions
| Basic commands | 165 | |
| Build / train | 97 | |
| Enter build submenu | 28 | |
| Enter hero's abilities submenu | 2 | |
| Right click | 147 | |
| Select / deselect | 438 | |
| Use ability | 45 | |
923 total
» units
| Peasant | 33 | |
| Goblin Shredder | 2 | |
| Siege Engine | 27 | |
| Mortar Team | 6 | |
68 total
» upgrades
| Gunpowder | 2 | |
| Masonry | 3 | |
| Plating | 3 | |
| Barrage | 1 | |
9 total
» buildings
| Altar of Kings | 1 | |
| Farm | 10 | |
| Scout Tower | 7 | |
| Arcane Tower | 1 | |
| Lumber Mill | 1 | |
| Town Hall | 3 | |
| Keep | 2 | |
| Blacksmith | 1 | |
| Castle | 2 | |
| Workshop | 5 | |
| Guard Tower | 7 | |
| Cannon Tower | 1 | |
41 total
» build order
00:10 Altar of Kings
00:37 Farm
01:14 Farm
01:54 Scout Tower
02:49 Arcane Tower
03:15 Lumber Mill
03:43 Town Hall
03:53 Keep
03:53 Keep
04:16 Blacksmith
05:28 Farm
06:14 Castle
06:14 Castle
06:17 Workshop
06:21 Workshop
06:25 Workshop
06:34 Workshop
06:52 Workshop
07:26 Farm
07:35 Farm
08:11 Farm
08:21 Farm
08:48 Farm
09:03 Scout Tower
09:10 Farm
09:33 Guard Tower
09:33 Guard Tower
09:43 Farm
09:56 Scout Tower
10:35 Guard Tower
10:36 Guard Tower
10:44 Town Hall
13:53 Scout Tower
13:56 Scout Tower
14:50 Guard Tower
14:54 Guard Tower
14:58 Scout Tower
15:00 Scout Tower
16:51 Cannon Tower
16:57 Guard Tower
27:24 Town Hall
team 2 (winner)
IrishDago (
pink | 64 APM | 1951 actions | 30:42)
7 Paladin
1 Holy Light
3 Devotion Aura
2 Divine Shield
1 Resurrection
5 Mountain King
3 Storm Bolt
2 Bash
1 Goblin Tinker
1 Cluster Rockets
» actions
| Assign group hotkey | 66 | |
| Basic commands | 238 | |
| Build / train | 155 | |
| ESC pressed | 18 | |
| Enter build submenu | 31 | |
| Enter hero's abilities submenu | 13 | |
| Give item / drop item | 2 | |
| Right click | 329 | |
| Select / deselect | 328 | |
| Select group hotkey | 622 | |
| Use ability | 149 | |
1951 total
» units
| Peasant | 21 | |
| Footman | 7 | |
| Knight | 10 | |
| Siege Engine | 6 | |
| Flying Machine | 20 | |
| Mortar Team | 14 | |
78 total
» upgrades
| Defend | 1 | |
| Swords | 3 | |
| Plating | 3 | |
| Gunpowder | 3 | |
| Animal War Training | 1 | |
| Barrage | 1 | |
| Flying Machine Bombs | 2 | |
| Flak Cannons | 2 | |
| Fragmentation Shards | 2 | |
| Masonry | 3 | |
| Armor | 1 | |
| Flare | 1 | |
23 total
» buildings
| Altar of Kings | 1 | |
| Barracks | 2 | |
| Farm | 15 | |
| Arcane Vault | 2 | |
| Blacksmith | 2 | |
| Town Hall | 2 | |
| Lumber Mill | 1 | |
| Keep | 3 | |
| Castle | 1 | |
| Workshop | 4 | |
| Scout Tower | 13 | |
| Guard Tower | 14 | |
| Cannon Tower | 8 | |
68 total
» build order
00:21 Altar of Kings
00:37 Barracks
00:50 Farm
01:05 Farm
01:44 Farm
01:59 Arcane Vault
02:02 Arcane Vault
03:42 Blacksmith
04:24 Town Hall
04:40 Lumber Mill
05:19 Keep
05:20 Keep
06:18 Farm
06:19 Farm
06:20 Farm
07:35 Farm
07:37 Farm
07:38 Farm
07:39 Farm
07:50 Castle
07:56 Workshop
07:57 Workshop
10:31 Barracks
11:05 Farm
11:05 Farm
11:06 Farm
11:37 Scout Tower
11:48 Guard Tower
12:13 Scout Tower
12:14 Scout Tower
12:15 Scout Tower
12:18 Scout Tower
12:20 Scout Tower
12:20 Scout Tower
12:21 Scout Tower
12:45 Guard Tower
12:45 Guard Tower
12:49 Cannon Tower
12:49 Cannon Tower
12:50 Cannon Tower
12:51 Cannon Tower
12:52 Guard Tower
12:52 Guard Tower
12:59 Farm
13:00 Farm
13:18 Guard Tower
13:18 Guard Tower
13:45 Workshop
13:56 Guard Tower
13:56 Guard Tower
13:57 Guard Tower
14:44 Workshop
15:05 Scout Tower
15:55 Guard Tower
16:49 Town Hall
27:30 Blacksmith
27:39 Scout Tower
27:40 Scout Tower
27:44 Scout Tower
27:45 Scout Tower
28:20 Cannon Tower
28:23 Guard Tower
29:16 Cannon Tower
29:19 Cannon Tower
» items
| Lesser Clarity Potion | 4 | |
| Scroll of Regeneration | 1 | |
| Scroll of Town Portal | 1 | |
| Potion of Lesser Invulnerability | 1 | |
7 total
TreeZoN (
purple | 47 APM | 1432 actions | 30:43)
8 Death Knight
3 Death Coil
3 Unholy Aura
1 Animate Dead
1 Death Pact
7 Lich
3 Frost Nova
3 Frost Armor
1 Death and Decay
» actions
| Assign group hotkey | 31 | |
| Build / train | 69 | |
| Enter build submenu | 26 | |
| Enter hero's abilities submenu | 15 | |
| Give item / drop item | 2 | |
| Remove unit from queue | 2 | |
| Right click | 551 | |
| Select / deselect | 304 | |
| Select group hotkey | 351 | |
| Use ability | 81 | |
1432 total
» units
| Acolyte | 7 | |
| Ghoul | 6 | |
| Crypt Fiend | 10 | |
| Frost Wyrm | 8 | |
31 total
» upgrades
| Creature Attack | 3 | |
| Burrow | 1 | |
| Creature Carapace | 3 | |
| Web | 1 | |
| Freezing Breath | 1 | |
9 total
» buildings
| Crypt | 1 | |
| Ziggurat | 9 | |
| Graveyard | 2 | |
| Altar of Darkness | 1 | |
| Halls of the Dead | 1 | |
| Tomb of Relics | 1 | |
| Nerubian Tower | 1 | |
| Spirit Tower | 3 | |
| Black Citadel | 1 | |
| Sacrificial Pit | 1 | |
| Necropolis | 1 | |
| Boneyard | 3 | |
25 total
» build order
00:09 Crypt
00:11 Ziggurat
00:46 Graveyard
00:47 Graveyard
01:23 Altar of Darkness
01:49 Ziggurat
03:26 Halls of the Dead
04:13 Ziggurat
04:45 Tomb of Relics
06:28 Nerubian Tower
06:29 Spirit Tower
08:39 Black Citadel
08:43 Ziggurat
08:44 Ziggurat
08:46 Ziggurat
09:26 Sacrificial Pit
09:30 Necropolis
10:57 Spirit Tower
11:00 Ziggurat
11:02 Ziggurat
11:09 Boneyard
11:24 Ziggurat
11:49 Boneyard
11:51 Boneyard
16:34 Spirit Tower
» items
| Scroll of Town Portal | 2 | |
| Orb of Corruption | 1 | |
| Scroll of Healing | 1 | |
4 total

»
CREEPING-GENIUS (
red | 63 APM | 1947 actions | 30:44)
8 Pandaren Brewmaster
3 Breath of Fire
3 Drunken Brawler
1 Storm Earth and Fire
1 Drunken Haze
» actions
| Assign group hotkey | 60 | |
| Basic commands | 5 | |
| Build / train | 58 | |
| Enter build submenu | 24 | |
| Enter hero's abilities submenu | 8 | |
| Give item / drop item | 1 | |
| Remove unit from queue | 1 | |
| Right click | 872 | |
| Select / deselect | 267 | |
| Select group hotkey | 557 | |
| Use ability | 94 | |
1947 total
» units
| Acolyte | 12 | |
| Ghoul | 4 | |
| Gargoyle | 10 | |
| Goblin Zeppelin | 1 | |
| Meatwagon | 1 | |
| Goblin Shredder | 1 | |
| Obsidian Statue | 1 | |
30 total
» upgrades
| Creature Attack | 2 | |
| Creature Carapace | 1 | |
3 total
» buildings
| Crypt | 3 | |
| Ziggurat | 11 | |
| Altar of Darkness | 1 | |
| Nerubian Tower | 1 | |
| Graveyard | 1 | |
| Halls of the Dead | 4 | |
| Tomb of Relics | 1 | |
| Spirit Tower | 4 | |
| Black Citadel | 1 | |
| Sacrificial Pit | 1 | |
| Slaughterhouse | 4 | |
| Necropolis | 2 | |
34 total
» build order
00:09 Crypt
00:11 Ziggurat
00:34 Altar of Darkness
01:15 Ziggurat
01:31 Nerubian Tower
01:41 Graveyard
02:52 Halls of the Dead
02:53 Halls of the Dead
03:26 Tomb of Relics
03:31 Ziggurat
03:47 Crypt
04:07 Ziggurat
07:15 Spirit Tower
10:43 Black Citadel
10:46 Sacrificial Pit
12:17 Slaughterhouse
12:18 Slaughterhouse
12:21 Ziggurat
12:57 Spirit Tower
13:47 Spirit Tower
16:11 Ziggurat
16:59 Necropolis
20:24 Slaughterhouse
20:26 Slaughterhouse
21:04 Ziggurat
21:08 Crypt
21:12 Ziggurat
22:20 Ziggurat
22:21 Ziggurat
22:23 Ziggurat
23:35 Spirit Tower
25:26 Halls of the Dead
28:00 Necropolis
» items
| Staff of Teleportation | 1 | |
| Potion of Healing | 1 | |
| Scroll of Town Portal | 2 | |
4 total

»
MRKITTY (
teal | 58 APM | 1793 actions | 30:43)
7 Naga Sea Witch
3 Frost Arrows
3 Forked Lightning
1 Tornado
» actions
| Assign group hotkey | 17 | |
| Basic commands | 45 | |
| Build / train | 68 | |
| Enter build submenu | 31 | |
| Enter hero's abilities submenu | 7 | |
| Give item / drop item | 4 | |
| Remove unit from queue | 1 | |
| Right click | 1139 | |
| Select / deselect | 225 | |
| Select group hotkey | 181 | |
| Use ability | 75 | |
1793 total
» units
» upgrades
| Improved Bows | 1 | |
| Strength of the Wild | 2 | |
| Moon Armor | 0 | |
| Reinforced Hides | 2 | |
5 total
» buildings
| Altar of Elders | 2 | |
| Moon Well | 10 | |
| Ancient of War | 1 | |
| Tree of Ages | 4 | |
| Hunter's Hall | 1 | |
| Ancient of Wonders | 1 | |
| Tree of Eternity | 2 | |
| Ancient of Wind | 2 | |
| Chimaera Roost | 3 | |
| Tree of Life | 8 | |
34 total
» build order
00:06 Altar of Elders
00:18 Moon Well
01:00 Ancient of War
01:41 Moon Well
02:23 Moon Well
03:04 Tree of Ages
04:20 Moon Well
04:23 Hunter's Hall
04:28 Ancient of Wonders
05:40 Tree of Eternity
06:18 Ancient of Wind
06:20 Moon Well
08:33 Chimaera Roost
08:34 Chimaera Roost
08:35 Chimaera Roost
10:50 Moon Well
13:13 Tree of Life
13:49 Tree of Life
16:18 Moon Well
19:49 Tree of Ages
20:59 Moon Well
21:00 Moon Well
22:16 Altar of Elders
22:17 Moon Well
22:34 Tree of Life
23:18 Tree of Eternity
23:25 Tree of Life
26:29 Ancient of Wind
27:19 Tree of Life
27:21 Tree of Life
27:24 Tree of Life
29:00 Tree of Life
» items
| Boots of Speed | 1 | |
| Potion of Mana | 2 | |
| Potion of Healing | 1 | |
| Scroll of Town Portal | 3 | |
7 total
Chat log
(00:04 / Allies) IrishDago: sup
(00:14 / Allies) TreeZoN: nada
(00:16 / Allies) TreeZoN: plan?
(00:16 / Allies) IrishDago: i'll get melee and tank
(00:30 / Allies) TreeZoN: fiends
(00:36 / Allies) TreeZoN: stats destroyers
(00:39 / Allies) TreeZoN: red you wyrms
(00:52 / Allies) TreeZoN: ?
(00:58 / Allies) CREEPING-GENIUS: you will address me as your majesty, purple
(01:08 / Allies) IrishDago: lol
(01:13 / Allies) TreeZoN: LMFAO
(01:18 / Allies) TreeZoN: think youre good huh?
(01:20 / All) MRKITTY: wtf
(01:22 / All) MRKITTY: is going on
(01:25 / Allies) IrishDago: i went 18-0
(01:27 / Allies) CREEPING-GENIUS: 3-0 if another leaves
(01:35 / All) MRKITTY: gg
(01:36 / Allies) TreeZoN: 18-0 is solid
(01:38 / All) MRKITTY: that sucks
(01:44 / All) BrunoBOP: soo leave
(01:45 / All) CREEPING-GENIUS: yea gg guys
(01:55 / All) CREEPING-GENIUS: u fought hard but we earned the win
(02:14 / All) MRKITTY: plz leave faggots
(02:26 / All) CREEPING-GENIUS: u gonna lose like the dallas cowboys
(02:43 / All) MRKITTY: ?
(03:05 / Allies) CREEPING-GENIUS: oh yea lolz
(03:15 / Allies) CREEPING-GENIUS: me and u have a history purple, best i not say what it is
(03:41 / Allies) CREEPING-GENIUS: i am straight teching to gargs gentlemen gonna rape em' dragons
(03:44 / Allies) TreeZoN: all i do is talk shit and fuck around..
(03:50 / Allies) MRKITTY: your so sick dude
(03:51 / Allies) MRKITTY: damn
(04:37 / Allies) CREEPING-GENIUS: i think u said that last time too
(04:48 / Allies) TreeZoN: wow wtf>
(04:51 / Allies) CREEPING-GENIUS: wtf?
(04:51 / Allies) TreeZoN: i just ran back to base
(04:55 / Allies) CREEPING-GENIUS: bm?
(05:00 / Allies) TreeZoN: no
(05:28 / Allies) TreeZoN: i had like 300 health too..
(05:32 / Allies) CREEPING-GENIUS: weird
(05:39 / Allies) CREEPING-GENIUS: bm w/ claws maybe
(05:40 / Allies) TreeZoN: and just ran my army back to base til their frost shields went away and then i was macroing at base
(05:42 / Allies) TreeZoN: and he died?
(06:03 / Allies) CREEPING-GENIUS: they may be mhing
(06:08 / Allies) CREEPING-GENIUS: best to be prepared, gentlemen
(06:14 / Allies) MRKITTY: ..
(06:29 / All) CREEPING-GENIUS: ok fellows, who has the maphack
(06:46 / Allies) TreeZoN: red creep with me/>
(06:52 / Allies) CREEPING-GENIUS: in a bit
(08:24 / All) CREEPING-GENIUS: look these guys so obvious u guys got mh
(09:05 / Allies) TreeZoN: shud creep middle together
(09:55 / Allies) TreeZoN: own them
(10:13 / Allies) MRKITTY: mid
(14:56 / Allies) MRKITTY: go
(15:32 / All) MRKITTY: nice
(15:56 / Allies) MRKITTY: 200 gold
(15:57 / Allies) MRKITTY: plz
(15:58 / Allies) MRKITTY: for rebuild
(16:06 / Allies) MRKITTY: plz
(16:07 / Allies) MRKITTY: gold
(16:08 / Allies) TreeZoN: im running on high upkeep right meow..
(16:20 / Allies) MRKITTY: ty
(17:15 / Allies) TreeZoN: we gonna tp to red or?
(17:49 / Allies) CREEPING-GENIUS: GOLD
(19:30 / All) TreeZoN: well gg
(21:34 / Allies) MRKITTY: go
(21:50 / All) CREEPING-GENIUS: leave hackers
(23:18 / All) CREEPING-GENIUS: IF YA'LL NEED A 4V4RT CLAN JOIN CLAN S4S, ALREADY HAVE 5 IN TOP 10 FOR RT
(24:17 / All) TreeZoN: you lose leavae
(26:59 / All) CREEPING-GENIUS: NIGGA DONT hide behind em wells
(27:14 / All) CREEPING-GENIUS: can't believe none of u havent left yet
(28:13 / All) MRKITTY: leave
(28:22 / All) CREEPING-GENIUS: hacker orange down
(30:24 / All) MRKITTY: wtf
(30:33 / All) MRKITTY: leave fagot